 Dungeon Crawl Stone Soup version 0.18-a0-1267-gff090c1 (webtiles) character file.

310 Foomius the Charlatan (level 6, -15/38 HPs)
             Began as an Octopode Artificer on Feb 6, 2016.
             Killed from afar by Ijyb (22 damage)
             ... with a wand of acid
             ... on level 3 of the Dungeon.
             The game lasted 00:12:18 (2954 turns).

Foomius the Charlatan (Octopode Artificer)          Turns: 2954, Time: 00:12:18

Health: -15/38     AC:  6    Str: 10    XL:     6   Next: 41%
Magic:  10/10      EV: 12    Int: 16    God:
Gold:   151        SH:  0    Dex: 13    Spells: 0 memorised, 5 levels left

rFire  . . .     SeeInvis .     a - +1 dagger (protect)
rCold  . . .     Gourm    .     (no shield)
rNeg   . . .     Faith    .     (helmet restricted)
rPois  .         Spirit   .     (no amulet)
rElec  .         Dismiss  .     j - ring of wizardry
rCorr  .         Reflect  .     (no ring)
SustAt .         Harm     .     (no ring)
MR     .....                    (no ring)
Stlth  ++++......               (no ring)
                                (no ring)
                                (no ring)
                                (no ring)

@: not resistant to hostile enchantments, stealthy
A: almost no armour, amphibious, 8 rings, constrict 8, camouflage 1, gelatinous
body 1
a: no special abilities


You were on level 3 of the Dungeon.
You were not hungry.

You visited 1 branch of the dungeon, and saw 3 of its levels.

You collected 151 gold pieces.

Inventory:

Hand Weapons
 a - a +1 dagger of protection (weapon)
 b - a +1 dagger of draining
 g - a +0 short sword
Missiles
 k - 30 sling bullets
 m - 58 stones
 o - 2 poisoned javelins (quivered)
 u - 14 steel sling bullets
 C - 14 sling bullets of flame
Jewellery
 j - a ring of wizardry (left tentacle)
 s - an uncursed amulet of the gourmand {unknown}
Wands
 c - a wand of enslavement (13/24)
 d - a wand of random effects (0/48)
 h - a wand of flame (13/48)
 y - a wand of flame (18/48)
 D - a wand of polymorph (10/24)
Scrolls
 p - 4 scrolls of identify {unknown}
 w - a scroll of remove curse {unknown}
Potions
 e - 2 potions of haste {unknown}
 i - a potion of resistance {unknown}
 n - 4 potions of curing {unknown}
 q - 2 potions of heal wounds {unknown}
 r - a potion of degeneration {unknown}
 v - a potion of might {unknown}
 x - a potion of lignification {unknown}
 z - 2 potions of brilliance {unknown}
 B - a potion of ambrosia {unknown}
Comestibles
 f - 3 bread rations
 l - a beef jerky
 t - a royal jelly


   Skills:
 - Level 1.0 Fighting
 - Level 1.0 Short Blades
 - Level 2.0 Dodging
 + Level 5.9 Stealth
 + Level 6.2 Evocations


You had 5 spell levels left.
You didn't know any spells.

Dungeon Overview and Level Annotations

Branches:
Dungeon (3/15)

Altars:
Makhleb
Xom

Annotations:
D:3 Ijyb; Jessica; nublet's ghost, amateur CeAE


Innate Abilities, Weirdness & Mutations

You cannot wear most types of armour.
You are amphibious.
You can wear up to eight rings at the same time.
You can use your tentacles to constrict eight enemies at once.
Your skin changes colour to match your surroundings (Stealth).
Your rubbery body absorbs attacks (AC +1).


Message History

Jessica mumbles some strange words.
Jessica blinks!
Ijyb grins evilly.
Ijyb barely misses you.
You hit Ijyb but do no damage.
Ijyb is severely wounded.
You constrict Ijyb, but do no damage. Ijyb hits you but does no damage.
You release your grip on Ijyb.
Jessica points at you and mumbles some strange words.
You barely resist. Nublet's ghost hits you.
* * * LOW HITPOINT WARNING * * *
Jessica looks very angry.
Nublet's ghost hits you but does no damage.
Jessica hits you with a dagger.
* * * LOW HITPOINT WARNING * * *
There is an open door here.
Jessica gestures wildly while chanting.
Jessica blinks!
Ijyb zaps a wand.
The bolt of acid hits you!
Ouch! That really hurt!
You die...

#.# #.# #.# #.# ## #.#
##### #. #.# #...# #.
#)# #...# #. #.#####
#...# #. #@#... +...#
#.
#####'#.######...####.
#...W§g..........†....
#......#####...#.###..
#.....................
#.....@##.##...###.#..
#......## ##...# #.#..
#......# #...# #.#..
#......# ...### #.#..


You could see Ijyb, nublet's ghost and Jessica.

Vanquished Creatures
  A crimson imp (D:3)
  Crazy Yiuf (D:3)
  An orc priest (D:3)
  2 orc wizards (D:3)
  Natasha (twice) (D:3)
  2 adders (D:2)
  4 worms
  3 giant geckos
  3 orcs (D:3)
  8 bats
  2 giant cockroaches (D:2)
  4 goblins
  10 hobgoblins
  7 kobolds
  3 quokkas
  2 giant newts
  6 rats
  A fungus (D:3)
62 creatures vanquished.

Vanquished Creatures (collateral kills)
  Natasha (D:3)
  A kobold (D:2)
  A rat (D:2)
3 creatures vanquished.

Vanquished Creatures (others)
  An orc priest (D:3)
  An orc (D:3)
2 creatures vanquished.

Grand Total: 67 creatures vanquished

Notes
Turn   | Place    | Note
--------------------------------------------------------------
     0 | D:1      | Foomius the Octopode Artificer began the quest for the Orb.
     0 | D:1      | Reached XP level 1. HP: 13/13 MP: 3/3
   243 | D:1      | Reached XP level 2. HP: 18/18 MP: 4/4
   330 | D:1      | Reached skill level 4 in Evocations
  1131 | D:2      | Reached XP level 3. HP: 23/23 MP: 6/6
  1546 | D:2      | Reached XP level 4. HP: 25/28 MP: 7/7
  1681 | D:3      | Reached skill level 5 in Evocations
  1745 | D:3      | Noticed nublet's ghost (amateur CeAE)
  2041 | D:3      | Reached XP level 5. HP: 33/33 MP: 7/9
  2183 | D:3      | Noticed Natasha
  2192 | D:3      | Killed Natasha
  2226 | D:3      | Noticed Natasha
  2231 | D:3      | Killed Natasha
  2231 | D:3      | Reached skill level 5 in Stealth
  2621 | D:3      | Noticed Crazy Yiuf
  2623 | D:3      | Killed Crazy Yiuf
  2623 | D:3      | Reached XP level 6. HP: 38/38 MP: 10/10
  2737 | D:3      | Found a burning altar of Makhleb.
  2740 | D:3      | Found a shimmering altar of Xom.
  2742 | D:3      | Reached skill level 6 in Evocations
  2787 | D:3      | Noticed Natasha
  2804 | D:3      | Killed Natasha
  2861 | D:3      | Noticed Ijyb
  2935 | D:3      | Noticed Jessica
  2954 | D:3      | Killed from afar by Ijyb

Vault maps used:
D:1:      lightli_arrival_farm
D:2:      first_bread
D:3:      grunt_temple_overflow_champion_of_chaos, minivault_25, uniq_jessica,
          uniq_natasha, uniq_crazy_yiuf_cottage, uniq_iyjb

Action                   |  1- 3 |  4- 6 || total
-------------------------+-------+-------++-------
Melee: Short sword       |    13 |       ||    13
       Dagger            |    57 |   102 ||   159
Throw: Javelin           |       |     4 ||     4
Evoke: Wand              |     7 |    12 ||    19
 Stab: Sleeping          |    10 |     3 ||    13
       Paralysed         |     1 |       ||     1
  Eat: Chunk             |     2 |     4 ||     6
